Blues vs Sharks

Created - October-11-14 at 11:37

Goals
1 2 3 OT1 SO T
Blues 0 2 2 0 2 5
Sharks 1 2 1 0 0 4
Shots
1 2 3 OT1 SO T
Blues 11 16 9 0 2 36
Sharks 5 12 9 0 2 26

1st period

1. Sharks , Rich Peverley 1 (Vyacheslav Voynov, Rob Klinkhammer) at 3:42

Penalties :
Matt Beleskey (SJS) for Roughing (Minor) at 3:44, Rob Klinkhammer (SJS) for Cross-checking (Minor) at 4:40, Vyacheslav Voynov (SJS) for High sticking (Minor) at 12:29, Matt Niskanen (SJS) for Tripping (Minor) at 12:34, Andrew Shaw (SJS) for Tripping (Minor) at 15:47, Jeff Petry (STL) for Hooking (Minor) at 15:47, Tyler Bozak (SJS) for Fighting (Major) at 19:17, Mike Weaver (STL) for Fighting (Major) at 19:17

2nd period

2. Sharks , Rich Peverley 2 (Matt Niskanen, Vyacheslav Voynov) at 0:36
3. Blues , Alex Tanguay 1 (Dan Hamhuis) at 4:30
4. Blues , Mike Ribeiro 1 (Niklas Kronwall, Michael Frolik) at 9:31
5. Sharks , Tyler Bozak 1 (Kyle Turris) at 11:40 (PP)

Penalties :
Mike Fisher (STL) for High sticking (Minor) at 1:52, R.J. Umberger (STL) for Roughing (Minor) at 9:50, Cory Sarich (SJS) for Hooking (Minor) at 13:22

3rd period

6. Blues , Matt Irwin 1 (Michael Frolik, Dan Hamhuis) at 12:58
7. Sharks , Drew Stafford 2 (Jannik Hansen, Michael Kostka) at 14:54 (PP)
8. Blues , Michael Frolik 1 (Lee Stempniak, Niklas Kronwall) at 15:16

Penalties :
Niklas Kronwall (STL) for Interference (Minor) at 4:49, Matt Beleskey (SJS) for High sticking (Minor) at 6:56, Kevin Klein (STL) for Tripping (Minor) at 10:35, Niklas Kronwall (STL) for Roughing (Minor) at 13:51, Michael Kostka (SJS) for Goalie Interference (Minor) at 17:04

Overtime #1

No Goal

Penalties :
No Penalty

Shootout

Penalty Shot by Antoine Vermette for Blues - Goal!
Penalty Shot by Tyler Bozak for Sharks - Stopped by Sergei Bobrovsky
Penalty Shot by R.J. Umberger for Blues - Goal!
Penalty Shot by Jannik Hansen for Sharks - Stopped by Sergei Bobrovsky

Penalties :
No Penalty

Goalie Stats

Sergei Bobrovsky (STL), 22 saves from 26 shots - (0.846), W, 1-0-1, 65:00 minutes
Jonas Hiller (SJS), 32 saves from 36 shots - (0.889), OTL, 0-0-1, 65:00 minutes

Players Stats for Blues

Player Name              G  A  P  +/- PIM S  H  SB GA TA FO     MP     PP MP  PK MP  
------------------------------------------------------------------------------------
Alex Tanguay             1  0  1   1  0   4  0  0  0  0  0/0    16:52   5:59   0:00 
Antoine Vermette         0  0  0  -1  0   1  1  1  0  0  3/4    24:15   4:57   4:42 
Carl Gunnarsson          0  0  0   2  0   2  1  1  0  0  0/0    24:10   4:04   5:09 
Dan Hamhuis              0  2  2   1  0   2  2  0  0  0  0/0    25:44   6:52   3:57 
David Jones              0  0  0  -1  0   0  0  0  0  0  0/1     5:40   0:00   0:00 
Jeff Petry               0  0  0   0  2   0  3  0  0  0  0/0    18:53   0:34   5:12 
Jiri Hudler              0  0  0  -1  0   4  0  0  0  0  3/8    16:11   5:07   0:00 
Jussi Jokinen            0  0  0   1  0   3  0  0  0  0  19/36  25:13   5:49   4:08 
Kevin Klein              0  0  0   0  2   0  0  0  0  0  0/0     5:58   0:00   2:29 
Lee Stempniak            0  1  1   3  0   1  1  0  0  0  1/2    18:38   5:59   0:00 
Marcus Foligno           0  0  0  -1  0   0  1  0  0  0  0/0     4:49   0:00   0:00 
Matt Irwin               1  0  1   0  0   6  1  0  0  0  0/0    17:06   4:04   0:16 
Michael Frolik           1  2  3   3  0   3  0  0  0  0  0/0    13:30   0:00   0:00 
Mike Fisher              0  0  0  -2  2   3  2  0  0  0  14/24  26:10   4:57   3:20 
Mike Ribeiro             1  0  1   3  0   2  0  0  0  0  9/17   16:59   0:00   5:30 
Mike Weaver              0  0  0  -1  5   0  0  1  0  0  0/0    12:17   0:00   0:00 
Niklas Kronwall          0  2  2   2  4   2  2  0  0  0  0/0    25:47   6:18   0:37 
R.J. Umberger            0  0  0   1  2   3  0  0  0  0  1/1    10:52   0:00   0:00 

Players Stats for Sharks

Player Name              G  A  P  +/- PIM S  H  SB GA TA FO     MP     PP MP  PK MP  
------------------------------------------------------------------------------------
Andrew Shaw              0  0  0  -1  2   5  5  0  0  0  5/14   22:16   3:59   0:30 
Chris Butler             0  0  0   0  0   0  0  0  0  0  0/0     3:57   0:00   0:00 
Cory Sarich              0  0  0  -4  2   0  0  0  0  0  0/0     7:47   0:00   0:00 
Drew Stafford            1  0  1  -1  0   1  3  0  0  0  0/1    17:34   3:54   0:00 
Jannik Hansen            0  1  1   0  0   1  2  0  0  0  5/13   24:52   3:08   8:02 
Jordan Leopold           0  0  0   0  0   2  0  6  0  0  0/0    24:12   3:50   5:47 
Justin Falk              0  0  0   0  0   0  2  0  0  0  0/0     7:15   0:23   2:13 
Kyle Quincey             0  0  0  -4  0   0  1  0  0  0  0/0    16:52   0:00   5:49 
Kyle Turris              0  1  1   0  0   4  1  0  0  0  6/20   20:48   5:42   0:51 
Martin Havlat            0  0  0  -1  0   1  0  0  0  0  1/2    22:02   4:56   0:00 
Matt Beleskey            0  0  0   0  4   0  2  0  0  0  0/0    10:37   0:00   0:00 
Matt Niskanen            0  1  1   2  2   2  3  1  0  0  0/0    26:51   4:37   4:02 
Michael Kostka           0  1  1   0  2   2  1  2  0  0  0/0    19:51   3:50   4:00 
Rich Peverley            2  0  2  -1  0   2  0  0  0  0  12/17  13:30   0:16   1:58 
Rob Klinkhammer          0  1  1  -1  2   0  2  0  0  0  0/0    12:48   0:00   1:32 
Tyler Bozak              1  0  1  -1  5   2  0  0  0  0  14/26  23:20   4:35   6:01 
Viktor Stalberg          0  0  0   0  0   1  0  1  0  0  0/0     6:16   0:00   0:00 
Vyacheslav Voynov        0  2  2   2  2   3  2  0  0  0  0/0    23:11   5:00   0:00 

3 Stars

1 - Michael Frolik (STL)
2 - Mike Ribeiro (STL)
3 - Rich Peverley (SJS)

Power Play

Blues - 0 on 7 Attempt(s) - 0.00%
Sharks - 2 on 5 Attempt(s) - 40.00%

Penalty Kill

Blues - 3 on 5 Attempt(s) - 60.00% - Score 0 goal in Penalty Kill
Sharks - 7 on 7 Attempt(s) - 100.00% - Score 0 goal in Penalty Kill

Official

Referees : Steve Kozari and Graham Skiliter
Linesman : Shane Heyer and Ryan Galloway

Game Notes

Tyler Bozak beats up Mike Weaver at 19:17 of 1st period

Finance

Level 1 -- Attendance: 6500 (100.00%) -- Ticket Income $650,000
Level 2 -- Attendance: 5000 (100.00%) -- Ticket Income $300,000
Level 3 -- Attendance: 3500 (100.00%) -- Ticket Income $122,500
Level 4 -- Attendance: 1496 (100.00%) -- Ticket Income $29,920
Luxury Box -- Attendance: 949 (94.90%) -- Ticket Income $189,800
Game was played at the SAP center
Total Attendance: 17445 (99.71%)
Total Ticket Income: $1,292,220
Other Income: $193,833
Total Income: $1,486,053

% Time on Ice - Blues

Lines # - Real PCT - Wanted PCT - Time Play
Normal Forward
1 - 29% - 32% - 11:04
2 - 28% - 30% - 10:53
3 - 30% - 28% - 11:29
4 - 13% - 10% - 4:49
Normal Defense
1 - 31% - 33% - 11:54
2 - 30% - 32% - 11:20
3 - 30% - 26% - 11:31
4 - 9% - 9% - 3:30
PP Forward
1 - 45% - 50% - 4:57
2 - 55% - 50% - 5:59
PP Defense
1 - 63% - 60% - 6:52
2 - 37% - 40% - 4:04
PK Forward
1 - 53% - 50% - 4:42
2 - 47% - 50% - 4:08
PK Defense
1 - 55% - 60% - 4:53
2 - 45% - 40% - 3:57
PK3 Forward
1 - 0% - 55%
2 - 0% - 45%
PK3 Defense
1 - 0% - 60%
2 - 0% - 40%
44 Forward
1 - 71% - 58% - 4:58
2 - 29% - 42% - 2:01
44 Defense
1 - 37% - 60% - 2:37
2 - 63% - 40% - 4:22
Last Minute Offensive  - 0:00
Last Minute Defensive  - 0:00
Total
Forward - 65:00
Defense - 65:00

% Time on Ice - Sharks

Lines # - Real PCT - Wanted PCT - Time Play
Normal Forward
1 - 28% - 33% - 10:50
2 - 26% - 30% - 9:53
3 - 29% - 20% - 11:16
4 - 16% - 17% - 6:16
Normal Defense
1 - 40% - 45% - 15:10
2 - 30% - 35% - 11:20
3 - 20% - 20% - 7:48
4 - 10% - 0% - 3:57
PP Forward
1 - 65% - 60% - 5:42
2 - 35% - 40% - 3:08
PP Defense
1 - 57% - 60% - 5:00
2 - 43% - 40% - 3:50
PK Forward
1 - 75% - 60% - 6:01
2 - 25% - 40% - 1:58
PK Defense
1 - 50% - 60% - 4:00
2 - 50% - 40% - 3:59
PK3 Forward
1 - 71% - 60% - 2:06
2 - 29% - 40% - 0:51
PK3 Defense
1 - 62% - 60% - 1:49
2 - 38% - 40% - 1:08
44 Forward
1 - 64% - 60% - 4:27
2 - 36% - 40% - 2:32
44 Defense
1 - 53% - 60% - 3:44
2 - 47% - 40% - 3:15
Last Minute Offensive  - 0:00
Last Minute Defensive  - 0:00
Total
Forward - 65:00
Defense - 65:00

Play by Play

1st period


0:01 of 1st period - Tyler Bozak wins face-off versus Mike Fisher in neutral zone.
0:06 of 1st period - Shot by Andrew Shaw.
0:06 of 1st period - Shot Misses the Net.
0:44 of 1st period - Shot by Mike Fisher.
0:44 of 1st period - Shot Misses the Net.
1:15 of 1st period - Shot by Jannik Hansen.
1:15 of 1st period - Shot Misses the Net.
1:17 of 1st period - Shot by Jannik Hansen.
1:17 of 1st period - Shot Misses the Net.
1:19 of 1st period - Shot by Jordan Leopold.
1:19 of 1st period - Stopped by Sergei Bobrovsky without a rebound.
1:20 of 1st period - Rich Peverley wins face-off versus Mike Ribeiro in Blues zone.
1:20 of 1st period - Kyle Quincey is hit by Jeff Petry and loses puck.
1:45 of 1st period - Shot by Michael Frolik.
1:45 of 1st period - Stopped by Jonas Hiller without a rebound.
1:46 of 1st period - Kyle Turris wins face-off versus Jussi Jokinen in Sharks zone.
2:17 of 1st period - Shot by Jussi Jokinen.
2:17 of 1st period - Shot Misses the Net.
2:19 of 1st period - Shot by Alex Tanguay.
2:19 of 1st period - Shot Blocked by Jordan Leopold.
2:23 of 1st period - Shot by Kevin Klein.
2:23 of 1st period - Shot Blocked by Jordan Leopold.
2:25 of 1st period - Shot by Niklas Kronwall.
2:25 of 1st period - Shot Blocked by Jordan Leopold.
2:27 of 1st period - Shot by Jussi Jokinen.
2:27 of 1st period - Shot Blocked by Jordan Leopold.
2:29 of 1st period - Shot by R.J. Umberger.
2:29 of 1st period - Stopped by Jonas Hiller without a rebound.
2:30 of 1st period - Mike Ribeiro wins face-off versus Andrew Shaw in Sharks zone.
3:05 of 1st period - Shot by Lee Stempniak.
3:05 of 1st period - Shot Blocked by Viktor Stalberg.
3:36 of 1st period - Shot by Rich Peverley.
3:36 of 1st period - Shot Misses the Net.
3:38 of 1st period - Shot by Rob Klinkhammer.
3:38 of 1st period - Shot Blocked by Mike Weaver.
3:40 of 1st period - Shot by Vyacheslav Voynov.
3:40 of 1st period - Shot Misses the Net.
3:42 of 1st period - Shot by Rich Peverley.
3:42 of 1st period - Goal by Rich Peverley - Blues : 0 - Sharks : 1.
3:43 of 1st period - Jussi Jokinen wins face-off versus Kyle Turris in neutral zone.
3:43 of 1st period - Niklas Kronwall is hit by Matt Beleskey.
3:44 of 1st period - Minor Penalty to Matt Beleskey for Roughing.
3:45 of 1st period - Mike Fisher wins face-off versus Jannik Hansen in Sharks zone.
3:58 of 1st period - Shot by Mike Fisher.
3:58 of 1st period - Stopped by Jonas Hiller without a rebound.
3:59 of 1st period - Jiri Hudler wins face-off versus Jannik Hansen in Sharks zone.
4:12 of 1st period - Shot by Alex Tanguay.
4:12 of 1st period - Shot Misses the Net.
4:14 of 1st period - Shot by Carl Gunnarsson.
4:14 of 1st period - Shot Misses the Net.
4:16 of 1st period - Shot by Matt Irwin.
4:16 of 1st period - Shot Misses the Net.
4:18 of 1st period - Shot by Matt Irwin.
4:18 of 1st period - Deflect By Alex Tanguay.
4:18 of 1st period - Shot Misses the Net.
4:20 of 1st period - Shot by Matt Irwin.
4:20 of 1st period - Stopped by Jonas Hiller with a rebound.
4:22 of 1st period - Shot by Jiri Hudler.
4:22 of 1st period - Stopped by Jonas Hiller without a rebound.
4:23 of 1st period - Rich Peverley wins face-off versus Mike Fisher in Sharks zone.
4:40 of 1st period - Minor Penalty to Rob Klinkhammer for Cross-checking.
4:41 of 1st period - Jannik Hansen wins face-off versus Jiri Hudler in Sharks zone.
4:54 of 1st period - Shot by Matt Irwin.
4:54 of 1st period - Stopped by Jonas Hiller with a rebound.
6:48 of 1st period - Shot by Michael Frolik.
6:48 of 1st period - Shot Misses the Net.
6:50 of 1st period - Shot by Lee Stempniak.
6:50 of 1st period - Shot Misses the Net.
6:52 of 1st period - Shot by Mike Weaver.
6:52 of 1st period - Shot Misses the Net.
6:57 of 1st period - Icing by Martin Havlat.
6:58 of 1st period - Mike Fisher wins face-off versus Andrew Shaw in Sharks zone.
7:03 of 1st period - Shot by Mike Fisher.
7:03 of 1st period - Shot Misses the Net.
7:10 of 1st period - Icing by Justin Falk.
7:11 of 1st period - Jussi Jokinen wins face-off versus Andrew Shaw in Sharks zone.
7:11 of 1st period - Jussi Jokinen is hit by Justin Falk.
7:41 of 1st period - Shot by Alex Tanguay.
7:41 of 1st period - Stopped by Jonas Hiller without a rebound.
7:42 of 1st period - Mike Fisher wins face-off versus Rich Peverley in Sharks zone.
7:46 of 1st period - Icing by Vyacheslav Voynov.
7:47 of 1st period - Mike Fisher wins face-off versus Rich Peverley in Sharks zone.
8:20 of 1st period - Matt Irwin is hit by Drew Stafford and loses puck.
9:13 of 1st period - Shot by Lee Stempniak.
9:13 of 1st period - Shot Misses the Net.
9:54 of 1st period - Shot by Alex Tanguay.
9:54 of 1st period - Shot Blocked by Jordan Leopold.
9:56 of 1st period - Shot by Alex Tanguay.
9:56 of 1st period - Stopped by Jonas Hiller without a rebound.
9:57 of 1st period - Tyler Bozak wins face-off versus Mike Fisher in Sharks zone.
10:27 of 1st period - Shot by Andrew Shaw.
10:27 of 1st period - Stopped by Sergei Bobrovsky without a rebound.
10:28 of 1st period - Jussi Jokinen wins face-off versus Rich Peverley in Blues zone.
10:46 of 1st period - Icing by Vyacheslav Voynov.
10:47 of 1st period - Mike Ribeiro wins face-off versus Drew Stafford in Sharks zone.
11:37 of 1st period - Carl Gunnarsson is hit by Kyle Quincey and loses puck.
12:00 of 1st period - Shot by Mike Fisher.
12:00 of 1st period - Shot Hit the Post.
12:02 of 1st period - Shot by Matt Irwin.
12:02 of 1st period - Stopped by Jonas Hiller without a rebound.
12:03 of 1st period - Jussi Jokinen wins face-off versus Kyle Turris in Sharks zone.
12:04 of 1st period - Shot by Alex Tanguay.
12:04 of 1st period - Shot Misses the Net.
12:19 of 1st period - Off-side.
12:20 of 1st period - Mike Fisher wins face-off versus Andrew Shaw in neutral zone.
12:20 of 1st period - Mike Fisher is hit by Andrew Shaw.
12:29 of 1st period - Minor Penalty to Vyacheslav Voynov for High sticking.
12:30 of 1st period - Jussi Jokinen wins face-off versus Jannik Hansen in Sharks zone.
12:34 of 1st period - Minor Penalty to Matt Niskanen for Tripping.
12:35 of 1st period - Jannik Hansen wins face-off versus Jiri Hudler in Sharks zone.
12:54 of 1st period - Shot by Dan Hamhuis.
12:54 of 1st period - Stopped by Jonas Hiller without a rebound.
12:55 of 1st period - Jannik Hansen wins face-off versus Jussi Jokinen in Sharks zone.
13:38 of 1st period - Shot by Matt Irwin.
13:38 of 1st period - Stopped by Jonas Hiller without a rebound.
13:39 of 1st period - Kyle Turris wins face-off versus Jiri Hudler in Sharks zone.
13:52 of 1st period - Shot by Lee Stempniak.
13:52 of 1st period - Shot Misses the Net.
14:22 of 1st period - Shot by Alex Tanguay.
14:22 of 1st period - Shot Misses the Net.
15:15 of 1st period - Rich Peverley is hit by Jeff Petry and loses puck.
15:38 of 1st period - Shot by Andrew Shaw.
15:38 of 1st period - Shot Misses the Net.
15:47 of 1st period - Minor Penalty to Andrew Shaw for Tripping.
15:47 of 1st period - Minor Penalty to Jeff Petry for Hooking.
15:48 of 1st period - Antoine Vermette wins face-off versus Tyler Bozak in Blues zone.
16:27 of 1st period - Icing by Kyle Quincey.
16:28 of 1st period - Tyler Bozak wins face-off versus Jussi Jokinen in Sharks zone.
16:54 of 1st period - Shot by Antoine Vermette.
16:54 of 1st period - Shot Misses the Net.
16:56 of 1st period - Shot by Dan Hamhuis.
16:56 of 1st period - Deflect By Antoine Vermette.
16:56 of 1st period - Shot Blocked by Jordan Leopold.
17:24 of 1st period - Shot by Drew Stafford.
17:24 of 1st period - Shot Misses the Net.
17:26 of 1st period - Shot by Matt Niskanen.
17:26 of 1st period - Stopped by Sergei Bobrovsky without a rebound.
17:27 of 1st period - Antoine Vermette wins face-off versus Kyle Turris in Blues zone.
18:06 of 1st period - Chris Butler is hit by Jeff Petry.
18:10 of 1st period - Shot by Viktor Stalberg.
18:10 of 1st period - Stopped by Sergei Bobrovsky without a rebound.
18:11 of 1st period - Rich Peverley wins face-off versus David Jones in Blues zone.
18:12 of 1st period - Shot by Drew Stafford.
18:12 of 1st period - Shot Misses the Net.
18:45 of 1st period - Niklas Kronwall is hit by Drew Stafford.
19:14 of 1st period - Icing by Mike Weaver.
19:15 of 1st period - Tyler Bozak wins face-off versus Mike Ribeiro in Blues zone.
19:17 of 1st period - Tyler Bozak beats up Mike Weaver.
19:17 of 1st period - Penalty to Tyler Bozak for Fighting.
19:17 of 1st period - Penalty to Mike Weaver for Fighting.
19:18 of 1st period - Kyle Turris wins face-off versus Jussi Jokinen in Blues zone.
Goals for this period are 0 for Blues vs 1 for Sharks.
Shots for this period are 11 for Blues vs 5 for Sharks.

2nd period


0:01 of 2nd period - Mike Fisher wins face-off versus Kyle Turris in neutral zone.
0:09 of 2nd period - Off-side.
0:10 of 2nd period - Mike Fisher wins face-off versus Kyle Turris in neutral zone.
0:21 of 2nd period - Shot by Andrew Shaw.
0:21 of 2nd period - Shot Misses the Net.
0:26 of 2nd period - Icing by Matt Irwin.
0:27 of 2nd period - Rich Peverley wins face-off versus Mike Fisher in Blues zone.
0:36 of 2nd period - Shot by Rich Peverley.
0:36 of 2nd period - Goal by Rich Peverley - Blues : 0 - Sharks : 2.
0:37 of 2nd period - Kyle Turris wins face-off versus Jussi Jokinen in neutral zone.
1:01 of 2nd period - Icing by Alex Tanguay.
1:02 of 2nd period - Jussi Jokinen wins face-off versus Kyle Turris in Blues zone.
1:08 of 2nd period - Shot by Niklas Kronwall.
1:08 of 2nd period - Shot Misses the Net.
1:10 of 2nd period - Shot by Jussi Jokinen.
1:10 of 2nd period - Stopped by Jonas Hiller with a rebound.
1:12 of 2nd period - Shot by Niklas Kronwall.
1:12 of 2nd period - Stopped by Jonas Hiller without a rebound.
1:13 of 2nd period - Mike Fisher wins face-off versus Kyle Turris in Sharks zone.
1:13 of 2nd period - Mike Fisher is hit by Matt Niskanen.
1:34 of 2nd period - Antoine Vermette is hit by Andrew Shaw and loses puck.
1:44 of 2nd period - Antoine Vermette is hit by Matt Niskanen and loses puck.
1:52 of 2nd period - Minor Penalty to Mike Fisher for High sticking.
1:53 of 2nd period - Jussi Jokinen wins face-off versus Andrew Shaw in Blues zone.
1:53 of 2nd period - Mike Ribeiro is hit by Andrew Shaw and loses puck.
2:06 of 2nd period - Shot by Jordan Leopold.
2:06 of 2nd period - Stopped by Sergei Bobrovsky without a rebound.
2:07 of 2nd period - Jussi Jokinen wins face-off versus Martin Havlat in Blues zone.
2:07 of 2nd period - Jussi Jokinen is hit by Andrew Shaw.
2:17 of 2nd period - Shot by Michael Kostka.
2:17 of 2nd period - Stopped by Sergei Bobrovsky without a rebound.
2:18 of 2nd period - Mike Ribeiro wins face-off versus Andrew Shaw in Blues zone.
2:24 of 2nd period - Icing by Matt Niskanen.
2:25 of 2nd period - Andrew Shaw wins face-off versus Mike Ribeiro in Sharks zone.
2:25 of 2nd period - Andrew Shaw is hit by Antoine Vermette.
2:55 of 2nd period - Shot by Drew Stafford.
2:55 of 2nd period - Deflect By Andrew Shaw.
2:55 of 2nd period - Stopped by Sergei Bobrovsky without a rebound.
2:56 of 2nd period - Rich Peverley wins face-off versus Jussi Jokinen in Blues zone.
3:01 of 2nd period - Shot by Martin Havlat.
3:01 of 2nd period - Stopped by Sergei Bobrovsky with a rebound.
3:03 of 2nd period - Shot by Kyle Turris.
3:03 of 2nd period - Shot Misses the Net.
3:05 of 2nd period - Shot by Michael Kostka.
3:05 of 2nd period - Shot Misses the Net.
3:07 of 2nd period - Shot by Kyle Turris.
3:07 of 2nd period - Stopped by Sergei Bobrovsky without a rebound.
3:08 of 2nd period - Mike Ribeiro wins face-off versus Andrew Shaw in Blues zone.
3:43 of 2nd period - Shot by Vyacheslav Voynov.
3:43 of 2nd period - Shot Misses the Net.
4:18 of 2nd period - Shot by R.J. Umberger.
4:18 of 2nd period - Stopped by Jonas Hiller with a rebound.
4:30 of 2nd period - Shot by Alex Tanguay.
4:30 of 2nd period - Goal by Alex Tanguay - Blues : 1 - Sharks : 2.
4:31 of 2nd period - Mike Fisher wins face-off versus Kyle Turris in neutral zone.
4:54 of 2nd period - Carl Gunnarsson is hit by Jannik Hansen and loses puck.
5:18 of 2nd period - Icing by Jordan Leopold.
5:19 of 2nd period - Jussi Jokinen wins face-off versus Kyle Turris in Sharks zone.
6:05 of 2nd period - Icing by Mike Weaver.
6:06 of 2nd period - Tyler Bozak wins face-off versus Jussi Jokinen in Blues zone.
6:57 of 2nd period - Icing by Cory Sarich.
6:58 of 2nd period - Mike Ribeiro wins face-off versus Tyler Bozak in Sharks zone.
7:27 of 2nd period - Lee Stempniak is hit by Matt Beleskey and loses puck.
7:41 of 2nd period - Icing by Niklas Kronwall.
7:42 of 2nd period - Rich Peverley wins face-off versus Mike Ribeiro in Blues zone.
8:27 of 2nd period - Shot by Antoine Vermette.
8:27 of 2nd period - Shot Misses the Net.
8:51 of 2nd period - Shot by Kyle Turris.
8:51 of 2nd period - Stopped by Sergei Bobrovsky without a rebound.
8:52 of 2nd period - Jussi Jokinen wins face-off versus Kyle Turris in Blues zone.
9:13 of 2nd period - Shot by R.J. Umberger.
9:13 of 2nd period - Stopped by Jonas Hiller without a rebound.
9:14 of 2nd period - Mike Ribeiro wins face-off versus Tyler Bozak in Sharks zone.
9:27 of 2nd period - Shot by Michael Frolik.
9:27 of 2nd period - Shot Misses the Net.
9:31 of 2nd period - Shot by Mike Ribeiro.
9:31 of 2nd period - Goal by Mike Ribeiro - Blues : 2 - Sharks : 2.
9:32 of 2nd period - R.J. Umberger wins face-off versus Kyle Turris in neutral zone.
9:34 of 2nd period - Mike Weaver is hit by Vyacheslav Voynov and loses puck.
9:50 of 2nd period - Minor Penalty to R.J. Umberger for Roughing.
9:51 of 2nd period - Tyler Bozak wins face-off versus Jussi Jokinen in Blues zone.
9:52 of 2nd period - Shot by Jordan Leopold.
9:52 of 2nd period - Shot Misses the Net.
10:04 of 2nd period - Shot by Dan Hamhuis.
10:04 of 2nd period - Stopped by Jonas Hiller with a rebound.
10:14 of 2nd period - Shot by Jussi Jokinen.
10:14 of 2nd period - Shot Blocked by Michael Kostka.
10:38 of 2nd period - Shot by Mike Fisher.
10:38 of 2nd period - Stopped by Jonas Hiller without a rebound.
10:39 of 2nd period - Andrew Shaw wins face-off versus Mike Fisher in Sharks zone.
11:00 of 2nd period - Shot by Drew Stafford.
11:00 of 2nd period - Deflect By Andrew Shaw.
11:00 of 2nd period - Stopped by Sergei Bobrovsky without a rebound.
11:01 of 2nd period - Andrew Shaw wins face-off versus Jussi Jokinen in Blues zone.
11:08 of 2nd period - Shot by Jannik Hansen.
11:08 of 2nd period - Shot Misses the Net.
11:10 of 2nd period - Shot by Jannik Hansen.
11:10 of 2nd period - Shot Misses the Net.
11:12 of 2nd period - Shot by Matt Niskanen.
11:12 of 2nd period - Shot Misses the Net.
11:14 of 2nd period - Shot by Vyacheslav Voynov.
11:14 of 2nd period - Stopped by Sergei Bobrovsky without a rebound.
11:15 of 2nd period - Mike Fisher wins face-off versus Tyler Bozak in Blues zone.
11:21 of 2nd period - Icing by Tyler Bozak.
11:22 of 2nd period - Jussi Jokinen wins face-off versus Tyler Bozak in Sharks zone.
11:29 of 2nd period - Shot by Jussi Jokinen.
11:29 of 2nd period - Stopped by Jonas Hiller without a rebound.
11:30 of 2nd period - Tyler Bozak wins face-off versus Jussi Jokinen in Sharks zone.
11:35 of 2nd period - Jeff Petry is hit by Kyle Turris and loses puck.
11:40 of 2nd period - Shot by Tyler Bozak.
11:40 of 2nd period - Goal by Tyler Bozak - Blues : 2 - Sharks : 3.
11:41 of 2nd period - Mike Fisher wins face-off versus Kyle Turris in neutral zone.
11:46 of 2nd period - Shot by Antoine Vermette.
11:46 of 2nd period - Deflect By Jiri Hudler.
11:46 of 2nd period - Stopped by Jonas Hiller without a rebound.
11:47 of 2nd period - Mike Fisher wins face-off versus Tyler Bozak in Sharks zone.
12:41 of 2nd period - Mike Fisher is hit by Michael Kostka and loses puck.
12:55 of 2nd period - Matt Beleskey is hit by Niklas Kronwall and loses puck.
13:06 of 2nd period - Shot by Jannik Hansen.
13:06 of 2nd period - Stopped by Sergei Bobrovsky without a rebound.
13:07 of 2nd period - Rich Peverley wins face-off versus Mike Ribeiro in Blues zone.
13:07 of 2nd period - Rich Peverley is hit by Matt Irwin.
13:12 of 2nd period - Rich Peverley is hit by Dan Hamhuis and loses puck.
13:22 of 2nd period - Minor Penalty to Cory Sarich for Hooking.
13:23 of 2nd period - Tyler Bozak wins face-off versus Jussi Jokinen in Sharks zone.
13:38 of 2nd period - Icing by Dan Hamhuis.
13:39 of 2nd period - Jussi Jokinen wins face-off versus Jannik Hansen in Blues zone.
14:20 of 2nd period - Antoine Vermette is hit by Jannik Hansen and loses puck.
15:33 of 2nd period - Shot by Mike Fisher.
15:33 of 2nd period - Stopped by Jonas Hiller without a rebound.
15:34 of 2nd period - Rich Peverley wins face-off versus Mike Fisher in Sharks zone.
15:34 of 2nd period - Rich Peverley is hit by Marcus Foligno.
16:14 of 2nd period - Shot by Michael Frolik.
16:14 of 2nd period - Stopped by Jonas Hiller without a rebound.
16:15 of 2nd period - Mike Ribeiro wins face-off versus Andrew Shaw in Sharks zone.
16:24 of 2nd period - Shot by Mike Ribeiro.
16:24 of 2nd period - Stopped by Jonas Hiller without a rebound.
16:25 of 2nd period - Andrew Shaw wins face-off versus Jussi Jokinen in Sharks zone.
16:44 of 2nd period - Shot by Alex Tanguay.
16:44 of 2nd period - Stopped by Jonas Hiller without a rebound.
16:45 of 2nd period - Mike Ribeiro wins face-off versus Rich Peverley in Sharks zone.
16:49 of 2nd period - Icing by Matt Niskanen.
16:50 of 2nd period - Rich Peverley wins face-off versus Mike Ribeiro in Sharks zone.
17:07 of 2nd period - Michael Frolik is hit by Drew Stafford and loses puck.
17:16 of 2nd period - Matt Irwin is hit by Rob Klinkhammer.
18:13 of 2nd period - Andrew Shaw is hit by Carl Gunnarsson and loses puck.
18:34 of 2nd period - Shot by Kyle Turris.
18:34 of 2nd period - Stopped by Sergei Bobrovsky without a rebound.
18:35 of 2nd period - Jussi Jokinen wins face-off versus Kyle Turris in Blues zone.
19:00 of 2nd period - Shot by Jussi Jokinen.
19:00 of 2nd period - Stopped by Jonas Hiller without a rebound.
19:01 of 2nd period - Rich Peverley wins face-off versus Mike Ribeiro in Sharks zone.
19:17 of 2nd period - Off-side.
19:18 of 2nd period - Mike Fisher wins face-off versus Tyler Bozak in neutral zone.
19:48 of 2nd period - Shot by Jiri Hudler.
19:48 of 2nd period - Shot Misses the Net.
19:54 of 2nd period - Shot by Niklas Kronwall.
19:54 of 2nd period - Stopped by Jonas Hiller with a rebound.
19:56 of 2nd period - Shot by Mike Fisher.
19:56 of 2nd period - Shot Misses the Net.
Goals for this period are 2 for Blues vs 2 for Sharks.
Shots for this period are 16 for Blues vs 12 for Sharks.

3rd period


0:01 of 3rd period - Jussi Jokinen wins face-off versus Kyle Turris in neutral zone.
0:14 of 3rd period - Shot by R.J. Umberger.
0:14 of 3rd period - Shot Blocked by Matt Niskanen.
0:36 of 3rd period - Shot by Kyle Turris.
0:36 of 3rd period - Stopped by Sergei Bobrovsky without a rebound.
0:37 of 3rd period - Martin Havlat wins face-off versus Mike Fisher in Blues zone.
1:04 of 3rd period - Shot by Andrew Shaw.
1:04 of 3rd period - Shot Misses the Net.
1:15 of 3rd period - Jordan Leopold is hit by Mike Fisher and loses puck.
2:53 of 3rd period - Shot by Rich Peverley.
2:53 of 3rd period - Shot Misses the Net.
4:00 of 3rd period - Jiri Hudler is hit by Justin Falk and loses puck.
4:14 of 3rd period - Viktor Stalberg is hit by Mike Fisher and loses puck.
4:49 of 3rd period - Minor Penalty to Niklas Kronwall for Interference.
4:50 of 3rd period - Jussi Jokinen wins face-off versus Tyler Bozak in Blues zone.
5:57 of 3rd period - Shot by Vyacheslav Voynov.
5:57 of 3rd period - Shot Misses the Net.
5:59 of 3rd period - Shot by Vyacheslav Voynov.
5:59 of 3rd period - Stopped by Sergei Bobrovsky without a rebound.
6:00 of 3rd period - Tyler Bozak wins face-off versus Jussi Jokinen in Blues zone.
6:29 of 3rd period - Shot by Matt Niskanen.
6:29 of 3rd period - Shot Blocked by Antoine Vermette.
6:56 of 3rd period - Minor Penalty to Matt Beleskey for High sticking.
6:57 of 3rd period - Jannik Hansen wins face-off versus Jiri Hudler in Sharks zone.
7:26 of 3rd period - Shot by Dan Hamhuis.
7:26 of 3rd period - Shot Misses the Net.
7:28 of 3rd period - Shot by Niklas Kronwall.
7:28 of 3rd period - Shot Misses the Net.
7:30 of 3rd period - Shot by Lee Stempniak.
7:30 of 3rd period - Stopped by Jonas Hiller with a rebound.
7:32 of 3rd period - Shot by Lee Stempniak.
7:32 of 3rd period - Shot Blocked by Michael Kostka.
8:42 of 3rd period - Shot by Alex Tanguay.
8:42 of 3rd period - Shot Misses the Net.
9:04 of 3rd period - Shot by Martin Havlat.
9:04 of 3rd period - Deflect By Andrew Shaw.
9:04 of 3rd period - Stopped by Sergei Bobrovsky with a rebound.
9:30 of 3rd period - Shot by Andrew Shaw.
9:30 of 3rd period - Stopped by Sergei Bobrovsky with a rebound.
9:51 of 3rd period - Michael Kostka is hit by Niklas Kronwall and loses puck.
10:34 of 3rd period - Shot by Jannik Hansen.
10:34 of 3rd period - Shot Misses the Net.
10:35 of 3rd period - Minor Penalty to Kevin Klein for Tripping.
10:36 of 3rd period - Mike Fisher wins face-off versus Tyler Bozak in Blues zone.
11:12 of 3rd period - Icing by Tyler Bozak.
11:13 of 3rd period - Jussi Jokinen wins face-off versus Tyler Bozak in Sharks zone.
11:53 of 3rd period - Shot by Drew Stafford.
11:53 of 3rd period - Shot Misses the Net.
12:58 of 3rd period - Shot by Matt Irwin.
12:58 of 3rd period - Goal by Matt Irwin - Blues : 3 - Sharks : 3.
12:59 of 3rd period - Kyle Turris wins face-off versus Jussi Jokinen in neutral zone.
13:35 of 3rd period - Off-side.
13:36 of 3rd period - Mike Ribeiro wins face-off versus Andrew Shaw in neutral zone.
13:51 of 3rd period - Minor Penalty to Niklas Kronwall for Roughing.
13:52 of 3rd period - Tyler Bozak wins face-off versus Mike Fisher in Blues zone.
13:53 of 3rd period - Shot by Michael Kostka.
13:53 of 3rd period - Stopped by Sergei Bobrovsky with a rebound.
13:55 of 3rd period - Shot by Tyler Bozak.
13:55 of 3rd period - Stopped by Sergei Bobrovsky without a rebound.
13:56 of 3rd period - Tyler Bozak wins face-off versus Mike Fisher in Blues zone.
14:16 of 3rd period - Icing by Kyle Turris.
14:17 of 3rd period - Tyler Bozak wins face-off versus Jussi Jokinen in Sharks zone.
14:24 of 3rd period - Shot by Matt Niskanen.
14:24 of 3rd period - Stopped by Sergei Bobrovsky with a rebound.
14:42 of 3rd period - Shot by Vyacheslav Voynov.
14:42 of 3rd period - Stopped by Sergei Bobrovsky without a rebound.
14:43 of 3rd period - Andrew Shaw wins face-off versus Mike Fisher in Blues zone.
14:54 of 3rd period - Shot by Drew Stafford.
14:54 of 3rd period - Goal by Drew Stafford - Blues : 3 - Sharks : 4.
14:55 of 3rd period - Rich Peverley wins face-off versus Mike Ribeiro in neutral zone.
15:16 of 3rd period - Shot by Michael Frolik.
15:16 of 3rd period - Goal by Michael Frolik - Blues : 4 - Sharks : 4.
15:17 of 3rd period - Tyler Bozak wins face-off versus Jussi Jokinen in neutral zone.
15:19 of 3rd period - Off-side.
15:20 of 3rd period - Jussi Jokinen wins face-off versus Tyler Bozak in neutral zone.
15:26 of 3rd period - Vyacheslav Voynov is hit by Dan Hamhuis and loses puck.
15:31 of 3rd period - Shot by Andrew Shaw.
15:31 of 3rd period - Shot Misses the Net.
15:46 of 3rd period - Alex Tanguay is hit by Andrew Shaw and loses puck.
16:24 of 3rd period - Jiri Hudler is hit by Vyacheslav Voynov and loses puck.
16:45 of 3rd period - Shot by Antoine Vermette.
16:45 of 3rd period - Stopped by Jonas Hiller without a rebound.
16:46 of 3rd period - Kyle Turris wins face-off versus Lee Stempniak in Sharks zone.
17:04 of 3rd period - Minor Penalty to Michael Kostka for Goalie Interference.
17:05 of 3rd period - Jussi Jokinen wins face-off versus Jannik Hansen in Sharks zone.
17:30 of 3rd period - Niklas Kronwall is hit by Rob Klinkhammer and loses puck.
18:09 of 3rd period - Shot by Carl Gunnarsson.
18:09 of 3rd period - Stopped by Jonas Hiller without a rebound.
18:10 of 3rd period - Rich Peverley wins face-off versus Jiri Hudler in Sharks zone.
18:10 of 3rd period - Rich Peverley is hit by Lee Stempniak.
18:24 of 3rd period - Shot by Carl Gunnarsson.
18:24 of 3rd period - Stopped by Jonas Hiller without a rebound.
18:25 of 3rd period - Jiri Hudler wins face-off versus Rich Peverley in Sharks zone.
18:28 of 3rd period - Shot by Jiri Hudler.
18:28 of 3rd period - Stopped by Jonas Hiller without a rebound.
18:29 of 3rd period - Jiri Hudler wins face-off versus Jannik Hansen in Sharks zone.
18:30 of 3rd period - Shot by Matt Irwin.
18:30 of 3rd period - Stopped by Jonas Hiller without a rebound.
18:31 of 3rd period - Lee Stempniak wins face-off versus Jannik Hansen in Sharks zone.
18:32 of 3rd period - Shot by Jiri Hudler.
18:32 of 3rd period - Stopped by Jonas Hiller without a rebound.
18:33 of 3rd period - Jannik Hansen wins face-off versus Jussi Jokinen in Sharks zone.
18:57 of 3rd period - Icing by Jussi Jokinen.
18:58 of 3rd period - Jussi Jokinen wins face-off versus Jannik Hansen in Blues zone.
Goals for this period are 2 for Blues vs 1 for Sharks.
Shots for this period are 9 for Blues vs 9 for Sharks.

Overtime #1


0:01 of 1st overtime period - Tyler Bozak wins face-off versus Antoine Vermette in neutral zone.
0:34 of 1st overtime period - Jussi Jokinen is hit by Matt Niskanen and loses puck.
2:25 of 1st overtime period - Icing by Vyacheslav Voynov.
2:26 of 1st overtime period - Antoine Vermette wins face-off versus Tyler Bozak in Sharks zone.
3:08 of 1st overtime period - Shot by Drew Stafford.
3:08 of 1st overtime period - Shot Blocked by Carl Gunnarsson.
3:27 of 1st overtime period - Shot by Lee Stempniak.
3:27 of 1st overtime period - Shot Misses the Net.
4:41 of 1st overtime period - Shot by Jannik Hansen.
4:41 of 1st overtime period - Shot Misses the Net.
Goals for this period are 0 for Blues vs 0 for Sharks.
Shots for this period are 0 for Blues vs 0 for Sharks.

ShootOut


5:00 of 1st overtime period - Penalty Shot by Antoine Vermette for Blues.
5:00 of 1st overtime period - Goal by Antoine Vermette.
5:00 of 1st overtime period - Penalty Shot by Tyler Bozak for Sharks.
5:00 of 1st overtime period - Stopped by Sergei Bobrovsky.
5:00 of 1st overtime period - Penalty Shot by R.J. Umberger for Blues.
5:00 of 1st overtime period - Goal by R.J. Umberger.
5:00 of 1st overtime period - Penalty Shot by Jannik Hansen for Sharks.
5:00 of 1st overtime period - Stopped by Sergei Bobrovsky.


Output by the SimonT Hockey Simulator (STHS) for Stephane Roy -- Original Page W3C XHTML 1.0 Valid
Hockey Simulator - Hockey Simulation - Hockey Manager